 Dungeon Sprint DCSS version 0.21-a0-270-g8204059 (webtiles) character file.

6675 Kidiri the Eclecticist (level 10, -6/66 HPs)
             Began as a Deep Elf Fire Elementalist on Sept 13, 2017.
             Was the Champion of Vehumet.
             Killed from afar by a lindwurm (28 damage)
             ... with a blast of flame
             ... in the Dungeon (Sprint III: "The Ten Rune Challenge").
             The game lasted 00:17:41 (2617 turns).

Kidiri the Eclecticist (Deep Elf Fire Elementalist) Turns: 2617, Time: 00:17:42

Health: -6/66      AC:  5    Str:  5    XL:     10   Next: 73%
Magic:  13/31      EV: 18    Int: 24    God:    Vehumet [******]
Gold:   27         SH:  0    Dex: 15    Spells: 3/40 levels left

rFire    . . .     SeeInvis .   k - +0 dagger
rCold    . . .     Gourm    .   (no shield)
rNeg     . . .     Faith    .   a - +2 robe {MR+}
rPois    .         Spirit   .   (helmet restricted)
rElec    .         Reflect  .   n - +0 cloak
rCorr    .         Harm     .   (no gloves)
MR       ++...     NoTele   +   (no boots)
Stlth    ++........             (no amulet)
HPRegen  0.21/turn              (no ring)
MPRegen  0.22/turn              (no ring)

@: no status effects
A: antennae 1, robust 1
a: Renounce Religion


You were in the Dungeon.
You worshipped Vehumet.
Vehumet was exalted by your worship.
You were not hungry.

You visited 1 branch You collected 27 gold pieces.

Inventory:

Hand Weapons
 k - a +0 dagger (weapon)
Armour
 a - a +2 robe of magic resistance (worn)
 n - a +0 cloak (worn)
Scrolls
 i - a scroll of blinking
 l - a scroll of identify
 o - 2 scrolls of torment
 p - 2 scrolls of remove curse
Potions
 b - a potion of might
 d - 3 potions of curing
 f - 2 potions of haste
 g - 2 potions of magic
 h - a potion of berserk rage
 m - a potion of lignification
Comestibles
 c - 3 bread rations
 j - 24 royal jellies


   Skills:
 + Level 6.0 Fighting
 + Level 7.3 Short Blades
 + Level 6.0 Armour
 + Level 9.0 Dodging
 - Level 2.4 Stealth
 * Level 15.9 Spellcasting
 + Level 10.1 Conjurations
 + Level 10.3 Fire Magic
 + Level 6.1 Ice Magic
 + Level 7.2 Air Magic
 + Level 4.1 Earth Magic
 + Level 7.8 Poison Magic


You had 3 spell levels left.
You knew the following spells:

 Your Spells              Type           Power        Failure   Level  Hunger
a - Flame Tongue          Conj/Fire      #####        1%          1    None
b - Throw Flame           Conj/Fire      ######       1%          2    None
c - Conjure Flame         Conj/Fire      ######..     1%          3    None
d - Inner Flame           Hex/Fire       #####...     1%          3    None
e - Sticky Flame          Conj/Fire      ######..     1%          4    None
f - Fireball              Conj/Fire      ######....   1%          5    #......
g - Throw Frost           Conj/Ice       ######       1%          2    None
h - Stone Arrow           Conj/Erth      ######       1%          3    None
i - Lightning Bolt        Conj/Air       ######....   1%          5    #......
j - Mephitic Cloud        Conj/Pois/Air  ######..     1%          3    None
k - Olgreb's Toxic Radia  Pois           ######..     1%          4    None
l - Searing Ray           Conj           ######       1%          2    None


Dungeon Overview and Level Annotations

Branches:
Dungeon (1/1)

Altars:
Cheibriados
Dithmenos
Elyvilon
Fedhas
Gozag
Hepliaklqana
Kikubaaqudgha
Makhleb
Nemelex Xobeh
Okawaru
Qazlal
Ru
Sif Muna
Trog
Uskayaw
Vehumet
Wu Jian
Xom
Yredelemnul
Zin
The Shining One
Beogh
Jiyva
Lugonu

Annotations:
D exclusion: door


Innate Abilities, Weirdness & Mutations

You have a pair of small antennae on your head.
You are robust. (+10% HP)


Message History

The lindwurm bites you. The lindwurm misses you. The lindwurm claws you.
Casting: Throw Frost
Confirm with . or Enter, or press ? or * to list all spells.
Aiming: Throw Frost
Press: ? - help, Shift-Dir - straight line, f/p - lindwurm
Aim: a lindwurm (severely wounded, poisoned)
The puff of frost hits the lindwurm.
The lindwurm appears unharmed.
The lindwurm is severely wounded.
The lindwurm bites you but does no damage.
The lindwurm claws you. The lindwurm barely misses you.
Casting: Throw Frost
Confirm with . or Enter, or press ? or * to list all spells.
Aiming: Throw Frost
Press: ? - help, Shift-Dir - straight line, f/p - lindwurm
Aim: a lindwurm (severely wounded, poisoned)
The puff of frost hits the lindwurm.
The lindwurm is almost dead.
The lindwurm breathes flames at you. The blast of flame hits you!
You die...

≈≈.......#+###__#...#§#§§≈#.#.#..
.........#..:#__#...'.#§§§#.#.#.)
.........#___#__+...#.#§.§#...#..
▓▓▓▓▓▓▓▓▓▓▓▓▓▓▓▓▓▓▓▓▓▓▓▓▓▓▓▓▓▓▓▓▓
♣♣≈≈≈........≈≈≈..
+♣♣'♣≈≈≈≈≈≈≈≈≈≈≈≈♣♣P
#.≈♣♣♣♣♣♣♣♣♣♣♣♣♣♣♣♣P #..♣♣ ♣♣
###@♣ ♣♣♣♣k# ♣...## ♣♣.## ♣..
♣♣.# .# .. ##


You could see a lindwurm.

Vanquished Creatures
  Josephine (D)
  A centaur warrior (D)
  An unseen horror (D)
  A deep elf mage (D)
  2 spiny frogs (D)
  A komodo dragon (D)
  3 wandering mushrooms (D)
  2 tyrant leeches (D)
  2 redbacks (D)
  A shadow (D)
  A spatial vortex (D)
  2 centaurs (D)
  A necrophage (D)
  An earth elemental (D)
  A water elemental (D)
  23 killer bees (D)
  A jelly (D)
  Crazy Yiuf (D)
  A wizard (D)
  Jessica (D)
  A necromancer (D)
  3 humans (D)
  A kobold demonologist (D)
  An ooze (D)
  2 rats (D)
56 creatures vanquished.

Vanquished Creatures (collateral kills)
  A queen bee (D)
  7 killer bees (D)
8 creatures vanquished.

Vanquished Creatures (others)
  2 draconian scorchers (D)
  6 hellions (D)
  3 yaktaurs (D)
  2 killer bees (D)
13 creatures vanquished.

Grand Total: 77 creatures vanquished

Notes
Turn   | Place    | Note
-------+----------+-------------------------------------------
     0 | D        | Kidiri the Deep Elf Fire Elementalist began the quest for the Orb.
     0 | D        | Reached XP level 1. HP: 10/10 MP: 6/6
     3 | D        | Reached skill level 4 in Spellcasting
    38 | D        | Noticed Jessica
    39 | D        | Killed Jessica
    39 | D        | Reached skill level 6 in Spellcasting
    39 | D        | Reached XP level 2. HP: 15/15 MP: 4/11
    39 | D        | Reached XP level 3. HP: 19/19 MP: 4/12
    43 | D        | Learned a level 2 spell: Throw Flame
    47 | D        | Learned a level 3 spell: Conjure Flame
    51 | D        | Learned a level 3 spell: Inner Flame
    88 | D        | Killed a hellion
    88 | D        | Killed a hellion
    88 | D        | Killed a hellion
   103 | D        | Killed a hellion
   110 | D        | Killed a hellion
   113 | D        | Killed a hellion
   118 | D        | Noticed Crazy Yiuf
   125 | D        | Killed Crazy Yiuf
   125 | D        | Reached skill level 7 in Spellcasting
   125 | D        | Reached skill level 5 in Fire Magic
   155 | D        | Gained mutation: Armour fits poorly on your strangely shaped body. [potion of mutation]
   155 | D        | Gained mutation: You are robust. (+10% HP) [potion of mutation]
   155 | D        | Gained mutation: You have a pair of small horns on your head. [potion of mutation]
   155 | D        | Gained mutation: You possess an exceptional clarity of mind. [potion of mutation]
   156 | D        | Lost mutation: Armour fits poorly on your strangely shaped body. [potion of mutation]
   156 | D        | Lost mutation: You have a pair of small horns on your head. [potion of mutation]
   156 | D        | Lost mutation: You are robust. (+10% HP) [potion of mutation]
   156 | D        | Gained mutation: You have sharp fingernails. [potion of mutation]
   156 | D        | Gained mutation: You are frail. (-10% HP) [potion of mutation]
   156 | D        | Gained mutation: Your flesh is heat resistant. (rF+) [potion of mutation]
   157 | D        | Lost mutation: You are frail. (-10% HP) [potion of mutation]
   157 | D        | Lost mutation: You possess an exceptional clarity of mind. [potion of mutation]
   157 | D        | Lost mutation: Your flesh is heat resistant. (rF+) [potion of mutation]
   157 | D        | Gained mutation: Your flesh is heat resistant. (rF+) [potion of mutation]
   157 | D        | Gained mutation: Your muscles are strong. (Str +2) [potion of mutation]
   158 | D        | Lost mutation: Your muscles are strong. (Str +2) [potion of mutation]
   158 | D        | Lost mutation: You have sharp fingernails. [potion of mutation]
   158 | D        | Gained mutation: Your mind is acute. (Int +2) [potion of mutation]
   158 | D        | Lost mutation: Your mind is acute. (Int +2) [potion of mutation]
   158 | D        | Gained mutation: You have a pair of small horns on your head. [potion of mutation]
   159 | D        | Lost mutation: You have a pair of small horns on your head. [potion of mutation]
   159 | D        | Lost mutation: Your flesh is heat resistant. (rF+) [potion of mutation]
   159 | D        | Gained mutation: You have sharp toenails. [potion of mutation]
   159 | D        | Lost mutation: You have sharp toenails. [potion of mutation]
   159 | D        | Gained mutation: Your spells are a little easier to cast, but a little less powerful. [potion of mutation]
   159 | D        | Gained mutation: You are partially covered in large bone plates. (SH +4) [potion of mutation]
   160 | D        | Lost mutation: You are partially covered in large bone plates. (SH +4) [potion of mutation]
   160 | D        | Lost mutation: Your spells are a little easier to cast, but a little less powerful. [potion of mutation]
   160 | D        | Gained mutation: You have a pair of small antennae on your head. [potion of mutation]
   160 | D        | Gained mutation: You are robust. (+10% HP) [potion of mutation]
   252 | D        | Killed a white draconian scorcher
   264 | D        | Killed a white draconian scorcher
   292 | D        | Reached skill level 8 in Spellcasting
   292 | D        | Reached XP level 4. HP: 26/26 MP: 9/16
   299 | D        | Learned a level 4 spell: Sticky Flame
   317 | D        | Killed a yaktaur
   334 | D        | Noticed a water elemental
   337 | D        | Killed a water elemental
   337 | D        | Reached skill level 9 in Spellcasting
   337 | D        | Reached skill level 5 in Conjurations
   379 | D        | Found a radiant altar of Vehumet.
   380 | D        | Noticed a wizard
   381 | D        | Paralysed by a wizard for 6 turns
   383 | D        | Killed a wizard
   383 | D        | Reached skill level 10 in Spellcasting
   383 | D        | Reached XP level 5. HP: 19/30 MP: 13/19
   389 | D        | Found a deep blue altar of Sif Muna.
   389 | D        | Found an ancient bone altar of Kikubaaqudgha.
   389 | D        | Noticed a ynoxinul
   412 | D        | Learned a level 5 spell: Fireball
   416 | D        | Learned a level 3 spell: Mephitic Cloud
   422 | D        | Became a worshipper of Vehumet
   512 | D        | Found a glowing silver altar of Zin.
   513 | D        | Found a glowing golden altar of the Shining One.
   513 | D        | Found a white marble altar of Elyvilon.
   513 | D        | Noticed a deep elf mage
   520 | D        | Killed a deep elf mage
   520 | D        | Reached skill level 12 in Spellcasting
   520 | D        | Reached XP level 6. HP: 35/39 MP: 8/23
   520 | D        | Reached XP level 7. HP: 40/44 MP: 8/24
   600 | D        | Found an ornate altar of the Wu Jian Council.
   600 | D        | Found a roughly hewn altar of Beogh.
   600 | D        | Found an iron altar of Okawaru.
   600 | D        | Found a bloodstained altar of Trog.
   600 | D        | Found a hide-covered altar of Uskayaw.
   600 | D        | Noticed a human
   604 | D        | Noticed a human
   611 | D        | Killed a human
   611 | D        | Killed a human
   611 | D        | Reached skill level 5 in Dodging
   611 | D        | Reached * piety under Vehumet
   611 | D        | Offered knowledge of Sting by Vehumet.
   726 | D        | Found a basalt altar of Yredelemnul.
   726 | D        | Found a shadowy altar of Dithmenos.
   726 | D        | Found a sacrificial altar of Ru.
   799 | D        | Noticed a shadow
   802 | D        | Killed a shadow
   802 | D        | Offered knowledge of Throw Frost by Vehumet.
   802 | D        | Reached ** piety under Vehumet
   802 | D        | Reached XP level 8. HP: 31/50 MP: 23/26
   804 | D        | Reached skill level 13 in Spellcasting
   922 | D        | Learned a level 2 spell: Throw Frost
   922 | D        | Found a blossoming altar of Fedhas.
   922 | D        | Found a stormy altar of Qazlal.
   922 | D        | Found a snail-covered altar of Cheibriados.
   922 | D        | Found a burning altar of Makhleb.
   922 | D        | Found a shimmering altar of Xom.
   923 | D        | Found a hazy altar of Hepliaklqana.
   923 | D        | Found an opulent altar of Gozag.
   923 | D        | Found a sparkling altar of Nemelex Xobeh.
   923 | D        | Found a corrupted altar of Lugonu.
   923 | D        | Found a viscous altar of Jiyva.
  1010 | D        | Noticed Josephine
  1013 | D        | Killed Josephine
  1013 | D        | Offered knowledge of Searing Ray by Vehumet.
  1013 | D        | Reached skill level 5 in Short Blades
  1013 | D        | Reached skill level 5 in Air Magic
  1013 | D        | Reached skill level 5 in Poison Magic
  1058 | D        | Learned a level 2 spell: Searing Ray
  1091 | D        | Reached *** piety under Vehumet
  1091 | D        | Reached XP level 9. HP: 41/57 MP: 16/28
  1173 | D        | Noticed a centaur warrior
  1179 | D        | Offered knowledge of Stone Arrow by Vehumet.
  1184 | D        | Learned a level 3 spell: Stone Arrow
  1194 | D        | Reached skill level 14 in Spellcasting
  1203 | D        | Killed a centaur warrior
  1248 | D        | Noticed an unseen horror
  1252 | D        | Killed an unseen horror
  1252 | D        | Reached **** piety under Vehumet
  1252 | D        | Offered knowledge of Lightning Bolt by Vehumet.
  1252 | D        | Reached skill level 5 in Fighting
  1252 | D        | Reached skill level 5 in Armour
  1259 | D        | Learned a level 5 spell: Lightning Bolt
  1270 | D        | Killed a yaktaur
  1296 | D        | Killed a yaktaur
  1342 | D        | Noticed a queen bee
  1368 | D        | Reached ***** piety under Vehumet
  1368 | D        | Offered knowledge of Olgreb's Toxic Radiance by Vehumet.
  1368 | D        | Reached skill level 1 in Earth Magic
  1369 | D        | Killed a queen bee
  1416 | D        | Reached skill level 15 in Spellcasting
  1651 | D        | Learned a level 4 spell: Olgreb's Toxic Radiance
  1658 | D        | Reached XP level 10. HP: 64/64 MP: 27/31
  1660 | D        | Reached skill level 5 in Ice Magic
  1663 | D        | Offered knowledge of Bolt of Fire by Vehumet.
  1946 | D        | Reached ****** piety under Vehumet
  1946 | D        | Offered knowledge of Ozocubu's Refrigeration by Vehumet.
  2035 | D        | Reached skill level 10 in Fire Magic
  2156 | D        | Noticed a spiny frog
  2156 | D        | Noticed a spiny frog
  2158 | D        | Killed a spiny frog
  2158 | D        | Killed a spiny frog
  2253 | D        | Reached skill level 10 in Conjurations
  2277 | D        | Offered knowledge of Bolt of Magma by Vehumet.
  2608 | D        | Noticed a lindwurm
  2617 | D        | Killed from afar by a lindwurm

Vault maps used:
D:        dungeon_sprint_mu

Skill      XL: |  1  2  3  4  5  6  7  8  9 10 |
---------------+-------------------------------+-----
Spellcasting   | 6 8 10 12 13 15 | 15.9
Conjurations   | 3 4 5 7 8 9 10 | 10.1
Fire Magic     | 4 5 6 7 8 9 10 | 10.3
Fighting       | 2 3 4 5 6 |  6.0
Short Blades   | 3 4 5 6 7 |  7.3
Armour         | 2 3 4 5 6 |  6.0
Dodging        | 4 5 6 8 9 |  9.0
Air Magic      | 3 4 5 6 7 |  7.2
Poison Magic   | 3 4 5 6 7 |  7.8
Ice Magic      | 3 4 6 |  6.1
Earth Magic    | 1 4 |  4.1
Stealth        | |  2.4

Action                   |  1- 3 |  4- 6 |  7- 9 | 10-12 || total
-------------------------+-------+-------+-------+-------++-------
Melee: Dagger            |       |     1 |     2 |    13 ||    16
 Cast: Flame Tongue      |    12 |     5 |    38 |    12 ||    67
       Throw Flame       |     3 |       |     2 |       ||     5
       Sticky Flame      |       |     3 |     8 |     9 ||    20
       Conjure Flame     |       |     1 |     3 |     5 ||     9
       Mephitic Cloud    |       |     1 |     4 |       ||     5
       Inner Flame       |       |       |     5 |       ||     5
       Searing Ray       |       |       |     4 |       ||     4
       Fireball          |       |       |     2 |       ||     2
       Olgreb's Toxic Ra |       |       |     1 |     7 ||     8
       Lightning Bolt    |       |       |     1 |     3 ||     4
       Stone Arrow       |       |       |       |    15 ||    15
       Throw Frost       |       |       |       |     8 ||     8
  Use: Potion            |     6 |       |       |     1 ||     7
       Scroll            |       |     3 |       |       ||     3
  Eat: Chunk             |       |       |     2 |     1 ||     3
       Royal jelly       |       |       |       |     1 ||     1
Armor: Robe              |       |       |     2 |     7 ||     9
Dodge: Dodged            |     1 |       |    18 |    56 ||    75

Table legend:
 A = Spawn XP
 B = Non-spawn XP
 C = Spawn XP percentage of total XP
 D = Spawn monster count
 E = Non-spawn monster count
 F = Spawn count percentage of total count
 G = Total turns spent on level
                    A         B        C        D         E        F      G
               +---------+---------+-------+---------+---------+-------+---------
         Total |       0 |    9536 |   0.0 |       0 |      66 |   0.0 |  2617
               +---------+---------+-------+---------+---------+-------+---------
             D |       0 |    9536 |   0.0 |       0 |      66 |   0.0 |  2617
               +---------+---------+-------+---------+---------+-------+---------
